[Event "ICCopen2017"]
[Site "Internet Chess Club"]
[Date "2017.03.25"]
[Round "4"]
[White "KnightWalker"]
[Black "Istrebitel"]
[Result "0-1"]
[ICCResult "White checkmated"]
[WhiteElo "1377"]
[BlackElo "1640"]
[Opening "Sicilian: Nimzovich-Rubinstein variation"]
[ECO "B29"]
[NIC "SI.43"]
[Time "14:39:10"]
[TimeControl "180+0"]

1. e4 c5 2. Nf3 Nf6 3. Bd3 Nc6 4. c3 e6 5. Bc2 d5 6. e5 Nd7 7. d4 Be7 8. O-O
Qc7 9. Re1 b5 10. Bf4 a5 11. Nbd2 Ba6 12. a3 O-O 13. h3 b4 14. axb4 axb4 15.
dxc5 Bxc5 16. Nb3 Be7 17. Nbd4 bxc3 18. bxc3 Bc4 19. Bd3 Bxd3 20. Qxd3 h6
21. Reb1 Nc5 22. Qd2 Ne4 23. Qd3 Na5 24. Nb5 Qc4 25. Qxc4 Nxc4 26. Nd6 Bxd6
27. exd6 Rxa1 28. Rxa1 Nxc3 29. Nd4 e5 30. Rc1 exd4 31. Bh2 Rd8 32. Kf1 Nxd6
33. Ke1 Nc4 34. Bg1 Re8+ 35. Kf1 Nd2# {White checkmated} 0-1

[Event "ICCopen2017"]
[Site "Internet Chess Club"]
[Date "2017.03.25"]
[Round "4"]
[White "shirovinster"]
[Black "trucker"]
[Result "1-0"]
[ICCResult "Black forfeits on time"]
[WhiteElo "1823"]
[BlackElo "1506"]
[Opening "Giuoco Pianissimo"]
[ECO "C55"]
[NIC "IG.01"]
[Time "14:38:57"]
[TimeControl "180+0"]

1. e4 e5 2. Nf3 Nc6 3. Bc4 Nf6 4. d3 Bc5 5. O-O O-O 6. c3 d6 7. Nbd2 Qe7 8.
Bb3 h6 9. Bc2 Rd8 10. a4 a6 11. Nc4 Be6 12. Ne3 Nb8 13. d4 Bb6 14. d5 Bc8
15. b4 g6 16. h3 Nbd7 17. Nc4 Ba7 18. Bxh6 Nh7 19. Qd2 Ndf8 20. Ng5 c6 21.
Nxh7 Nxh7 22. Be3 Qh4 23. Bxa7 Rxa7 24. Qe3 Ra8 25. Nb6 Rb8 26. a5 Kg7 27.
Rae1 {Black forfeits on time} 1-0

[Event "ICCopen2017"]
[Site "Internet Chess Club"]
[Date "2017.03.25"]
[Round "4"]
[White "Jesus"]
[Black "ArchieGoodwin"]
[Result "0-1"]
[ICCResult "White resigns"]
[WhiteElo "1867"]
[BlackElo "2591"]
[Opening "Evans gambit: Cordel variation"]
[ECO "C51"]
[NIC "IG.05"]
[Time "14:39:12"]
[TimeControl "180+0"]

1. e4 e5 2. Nf3 Nc6 3. Bc4 Bc5 4. b4 Bxb4 5. c3 Be7 6. d4 Na5 7. Nxe5 Nxc4
8. Nxc4 d5 9. exd5 Qxd5 10. Ne3 Qd8 11. O-O Nf6 12. Nd2 O-O 13. Qb3 Re8 14.
Ba3 Bxa3 15. Qxa3 Qd6 16. Qxd6 cxd6 17. Rfe1 Be6 18. c4 Rac8 19. Rac1 b6 20.
g3 h6 21. f4 Rc7 22. Kf2 Rec8 23. Kf3 g6 24. g4 Kg7 25. h3 Bd7 26. h4 Bc6+
27. Kf2 Ne4+ 28. Nxe4 Bxe4 29. Rc3 d5 30. Rec1 dxc4 31. Rxc4 Rxc4 32. Rxc4
Rxc4 33. Nxc4 Bd5 34. Nd2 Bxa2 35. Ke3 Kf6 36. Ke4 Ke7 37. Ke5 f6+ 38. Ke4
Kd6 39. Kd3 Bd5 40. g5 fxg5 41. fxg5 hxg5 42. hxg5 a5 43. Nb1 b5 44. Nc3 b4
45. Nb5+ Kc6 {White resigns} 0-1

[Event "ICCopen2017"]
[Site "Internet Chess Club"]
[Date "2017.03.25"]
[Round "4"]
[White "Kolossi"]
[Black "nikenwidiartto"]
[Result "1-0"]
[ICCResult "Black resigns"]
[WhiteElo "1618"]
[BlackElo "1830"]
[Opening "QGD Slav defense"]
[ECO "D10"]
[NIC "SL.01"]
[Time "14:40:01"]
[TimeControl "180+0"]

1. d4 d5 2. c4 c6 3. Nc3 Nf6 4. e3 Bg4 5. Nf3 Nbd7 6. Be2 e6 7. cxd5 exd5 8.
O-O Bd6 9. h3 Bh5 10. a3 a5 11. Bd2 O-O 12. b3 Qe7 13. Bc1 Rfe8 14. Bb2 Bc7
15. Qc2 Ne4 16. Rfc1 Qd6 17. b4 axb4 18. axb4 Nxc3 19. Qxc3 Bxf3 20. Bxf3
Qh2+ 21. Kf1 Nf6 22. b5 Ne4 23. Qc2 Ng5 24. bxc6 bxc6 25. Qxc6 Nxf3 26. Qxc7
Nd2+ 27. Ke2 Rxa1 28. Qxh2 Rxc1 29. Bxc1 Nb3 30. Bd2 h6 31. Qd6 Re6 32. Qxd5
Na1 33. Qa2 {Black resigns} 1-0

[Event "ICCopen2017"]
[Site "Internet Chess Club"]
[Date "2017.03.25"]
[Round "4"]
[White "Veldigo"]
[Black "mahh"]
[Result "1-0"]
[ICCResult "Black resigns"]
[WhiteElo "1666"]
[BlackElo "1513"]
[Opening "Bird's opening"]
[ECO "A02"]
[NIC "VO.07"]
[Time "14:39:08"]
[TimeControl "180+0"]

1. f4 c5 2. Nf3 g6 3. e3 Bg7 4. d4 cxd4 5. exd4 d5 6. Bd3 Nf6 7. c3 Ne4 8.
O-O O-O 9. Nbd2 f5 10. Qe2 e6 11. Ne5 Nc6 12. a3 Nxe5 13. fxe5 a6 14. Bc2 b5
15. Nxe4 dxe4 16. Be3 Bb7 17. Bb3 Bd5 18. c4 bxc4 19. Bxc4 a5 20. Rfc1 Rc8
21. b3 Qd7 22. a4 f4 23. Bd2 e3 24. Bxa5 Bxc4 25. Rxc4 Rxc4 26. Qxc4 Rc8 27.
Qd3 Bxe5 28. Rd1 Bg7 29. Qe4 Rf8 30. Bb6 Qd5 31. Qxd5 exd5 32. Kf1 f3 33.
gxf3 Rxf3+ 34. Ke2 Rh3 35. a5 Rxh2+ 36. Kxe3 Rb2 37. a6 Ra2 38. a7 Bf8 39.
Rc1 Bb4 40. Rc8+ Kf7 41. a8=Q Rxa8 42. Rxa8 Kf6 43. Bc5 Bc3 44. b4 Bxb4 45.
Bxb4 h5 46. Kf4 g5+ 47. Kg3 Kf5 48. Re8 h4+ 49. Kh3 Kf4 50. Bd2+ Kf5 51. Be3
g4+ 52. Kxh4 g3 53. Kxg3 Kf6 54. Re5 {Black resigns} 1-0

[Event "ICCopen2017"]
[Site "Internet Chess Club"]
[Date "2017.03.25"]
[Round "4"]
[White "BlackHorse96"]
[Black "Trentosk"]
[Result "1-0"]
[ICCResult "Black checkmated"]
[WhiteElo "3058"]
[BlackElo "2549"]
[Opening "Ruy Lopez: Möller defense"]
[ECO "C78"]
[NIC "RL.12"]
[Time "14:39:18"]
[TimeControl "180+0"]

1. e4 e5 2. Nf3 Nc6 3. Bb5 a6 4. Ba4 Nf6 5. O-O Bc5 6. Qe2 b5 7. Bb3 d6 8.
h3 O-O 9. c3 Bb6 10. Rd1 Bb7 11. d4 exd4 12. cxd4 Na5 13. Bc2 Re8 14. Bg5 h6
15. Bh4 Qe7 16. e5 Bxf3 17. Qxf3 dxe5 18. dxe5 Qxe5 19. Nc3 Nc4 20. b3 Na3
21. Bf5 Rad8 22. Re1 Qxe1+ 23. Rxe1 Rxe1+ 24. Kh2 Bd4 25. Ne4 Nxe4 26. Bxe4
Be5+ 27. g3 Rd4 28. Bd3 Rxh4 29. Qa8# {Black checkmated} 1-0

[Event "ICCopen2017"]
[Site "Internet Chess Club"]
[Date "2017.03.25"]
[Round "4"]
[White "touchthis"]
[Black "cap78red2point1"]
[Result "0-1"]
[ICCResult "White checkmated"]
[WhiteElo "1412"]
[BlackElo "1580"]
[Opening "Bird's opening"]
[ECO "A03"]
[NIC "VO.07"]
[Time "14:38:51"]
[TimeControl "180+0"]

1. f4 d5 2. Nf3 c5 3. e3 e6 4. Bb5+ Bd7 5. a4 Nc6 6. Bxc6 Bxc6 7. O-O Nf6 8.
b3 h5 9. Bb2 Ng4 10. Qe1 d4 11. exd4 Bxf3 12. Rxf3 cxd4 13. d3 Qd5 14. Nd2
Bb4 15. Qe4 Bxd2 16. Qxd5 exd5 17. Bxd4 O-O-O 18. Bxg7 Rhg8 19. Bd4 Rg6 20.
h3 Nf6 21. Rd1 Ba5 22. Bxa7 b6 23. Re3 Rd7 24. b4 Rxa7 25. bxa5 Rxa5 26. Re7
Rxa4 27. Rxf7 Rxf4 28. Re1 Rg8 29. Ra1 Nd7 30. Ra7 Rxf7 31. Ra8+ Nb8 32. Kh2
Kb7 33. Ra4 Rf2 34. Rh4 Rgxg2+ 35. Kh1 Rxc2 36. Rxh5 Rgd2 37. Rh7+ Kc6 38.
Rh6+ Kb5 39. Kg1 Rc1# {White checkmated} 0-1

[Event "ICCopen2017"]
[Site "Internet Chess Club"]
[Date "2017.03.25"]
[Round "4"]
[White "kaimann"]
[Black "FlyCatcher"]
[Result "0-1"]
[ICCResult "White resigns"]
[WhiteElo "1870"]
[BlackElo "2375"]
[Opening "Benko's opening"]
[ECO "A00"]
[NIC "VO.09"]
[Time "14:39:19"]
[TimeControl "180+0"]

1. g3 d5 2. Bg2 c6 3. d3 Nf6 4. Nd2 Nbd7 5. e4 e5 6. Ngf3 Bd6 7. O-O O-O 8.
c3 Re8 9. Qc2 Bf8 10. a4 a5 11. Re1 Nc5 12. Nf1 dxe4 13. dxe4 Qd3 14. Qxd3
Nxd3 15. Re2 Nxc1 16. Rxc1 Bd7 17. Rd1 c5 18. Red2 Bxa4 19. Ra1 Bc6 20. Nh4
Nxe4 21. Bxe4 Bxe4 22. Ne3 g6 23. f3 Bc6 24. Nhg2 b6 25. Nc4 Rab8 26. Kf2
Bb5 27. Nd6 Bxd6 28. Rxd6 Kf8 29. Rad1 Bc4 30. Ne3 Be6 31. Nd5 Red8 32. Nxb6
Rxd6 33. Rxd6 Ke7 34. Rc6 Rb7 35. Na4 Bd7 36. Rb6 Rxb6 37. Nxb6 Be6 38. Ke3
Kd6 39. g4 Kc6 40. Na4 Bb3 41. Nxc5 Kxc5 42. Ke4 Kd6 43. h4 Bc2+ 44. Ke3 f5
45. g5 Kc5 46. Kd2 Bb1 47. Kc1 Bd3 48. Kd2 Bf1 49. Ke1 Ba6 50. Kd2 Bb7 51.
Ke3 Kc4 {White resigns} 0-1

[Event "ICCopen2017"]
[Site "Internet Chess Club"]
[Date "2017.03.25"]
[Round "4"]
[White "A4-H5"]
[Black "DropZone"]
[Result "0-1"]
[ICCResult "White resigns"]
[WhiteElo "1805"]
[BlackElo "2134"]
[Opening "Old Benoni defense"]
[ECO "A43"]
[NIC "OI.09"]
[Time "14:39:23"]
[TimeControl "180+0"]

1. d4 c5 2. dxc5 e6 3. Be3 Na6 4. g3 Nxc5 5. Bg2 Nf6 6. Nf3 d5 7. O-O Be7 8.
Bd4 O-O 9. Nc3 a6 10. a4 Bd7 11. Ne5 Be8 12. h3 Nce4 13. Nxe4 Nxe4 14. b3
Nd6 15. Bb2 Bf6 16. Nd3 Bxb2 17. Nxb2 Rc8 18. Nd3 Qc7 19. Rc1 Qc3 20. Qe1 b5
21. Qxc3 Rxc3 22. axb5 Nxb5 23. e4 dxe4 24. Bxe4 Nd4 25. Rfe1 Rxc2 26. Rxc2
Nxc2 27. Rc1 Nd4 28. Nc5 Ne2+ 29. Kf1 Nxc1 30. Nxa6 Bb5+ 31. Ke1 Bxa6 32.
Kd2 Nxb3+ 33. Ke3 Nc5 34. Bc2 Rd8 35. Kf4 Bd3 36. Bd1 h6 37. Bf3 Be4 38. Be2
Rd2 39. Bb5 Rxf2+ 40. Ke5 Rg2 41. g4 Rg3 42. Bf1 Bd5 43. Kd6 Ne4+ 44. Ke5
Nf2 45. h4 Nxg4+ 46. Kf4 Rf3+ 47. Kxg4 Rxf1 48. Kh5 Rf5+ 49. Kg4 h5+
{White resigns}
0-1

[Event "ICCopen2017"]
[Site "Internet Chess Club"]
[Date "2017.03.25"]
[Round "4"]
[White "manusupergm2001"]
[Black "The7thGuest"]
[Result "1-0"]
[ICCResult "Black resigns"]
[WhiteElo "2183"]
[BlackElo "1777"]
[Opening "Grünfeld with e3 & Bd3"]
[ECO "D94"]
[NIC "GI.09"]
[Time "14:40:12"]
[TimeControl "180+0"]

1. e3 Nf6 2. d4 g6 3. c4 Bg7 4. Nc3 d5 5. Nf3 O-O 6. Bd3 dxc4 7. Bxc4 c5 8.
O-O cxd4 9. exd4 Nc6 10. h3 Bf5 11. Bg5 Ne4 12. Nxe4 Bxe4 13. Re1 Bxf3 14.
Qxf3 Nxd4 15. Qxb7 Rb8 16. Qxa7 Nc2 17. Bxe7 Qb6 18. Qxb6 Rxb6 19. Bxf8 Bxf8
20. Bb3 Nxa1 21. Rxa1 Kg7 22. Rd1 Bd6 23. Rd3 f5 24. Re3 Rc6 25. Rc3 Rxc3
26. bxc3 Bc5 27. Kf1 Kf6 28. Ke2 Ke5 29. f3 h6 30. a4 Bb6 31. Bg8 g5 32. Bh7
f4 33. Kd3 Kd5 34. Bg8+ Ke5 35. Kc4 h5 36. Kb5 Bf2 37. a5 g4 38. hxg4 hxg4
39. fxg4 Kf6 40. Bd5 Ke5 41. Bf3 Be1 42. a6 Bf2 43. Kc6 {Black resigns} 1-0

[Event "ICCopen2017"]
[Site "Internet Chess Club"]
[Date "2017.03.25"]
[Round "4"]
[White "fearlessone"]
[Black "RebelJohnny"]
[Result "1-0"]
[ICCResult "Black resigns"]
[WhiteElo "1682"]
[BlackElo "2013"]
[Opening "Van't Kruijs opening"]
[ECO "A00"]
[Time "14:39:21"]
[TimeControl "180+0"]

1. e3 d6 2. Ne2 e5 3. d3 f5 4. Nd2 Nf6 5. g3 c6 6. Bg2 g6 7. O-O Bg7 8. b3
O-O 9. Bb2 Be6 10. a3 Qd7 11. d4 e4 12. Nf4 Bf7 13. c4 Na6 14. b4 Nc7 15.
Rc1 a5 16. c5 axb4 17. axb4 Ra2 18. Bc3 Nb5 19. Re1 Rfa8 20. Bf1 Nxc3 21.
Rxc3 g5 22. Ne2 Nd5 23. Rb3 Bh5 24. Rb1 Nc3 25. Qb3+ Nd5 26. Nc4 dxc5 27.
Nb6 Qf7 28. Nxa8 Rxa8 29. bxc5 Rb8 30. Nc3 f4 31. Bc4 Rd8 32. Nxe4 Bf3 33.
Nxg5 {Black resigns} 1-0

[Event "ICCopen2017"]
[Site "Internet Chess Club"]
[Date "2017.03.25"]
[Round "4"]
[White "Sellect"]
[Black "magnuswizard"]
[Result "0-1"]
[ICCResult "White resigns"]
[WhiteElo "1485"]
[BlackElo "1814"]
[Opening "QGD Slav: 3.Nf3"]
[ECO "D11"]
[NIC "SL.01"]
[Time "14:38:43"]
[TimeControl "180+0"]

1. d4 d5 2. c4 c6 3. Nf3 Nf6 4. g3 g6 5. Bg2 Bg7 6. cxd5 Nxd5 7. O-O O-O 8.
e4 Nb6 9. Nc3 Bg4 10. Be3 Na6 11. Qb3 Be6 12. Qc2 h6 13. Rad1 Bc4 14. Rfe1
Nb4 15. Qc1 a5 16. Bxh6 Nd3 17. Rxd3 Bxd3 18. Bxg7 Kxg7 19. Rd1 Bc4 20. Ne5
Be6 21. d5 cxd5 22. exd5 Bf5 23. g4 Qc7 24. Qf4 Bd7 25. Nxg6 Qxf4 26. Nxf4
Rac8 27. h3 Nc4 28. Nd3 Nxb2 29. Nxb2 Rxc3 30. Nd3 Rfc8 31. Kh2 Ba4 32. Rd2
Rc2 33. Rxc2 Rxc2 34. g5 Rxa2 35. h4 Bb5 36. Nf4 Rxf2 37. Nh5+ Kg8 38. Kg3
Rd2 39. Nf4 a4 40. h5 a3 {White resigns} 0-1

[Event "ICCopen2017"]
[Site "Internet Chess Club"]
[Date "2017.03.25"]
[Round "4"]
[White "GOODZYLLA"]
[Black "DroolingBaby"]
[Result "0-1"]
[ICCResult "White resigns"]
[WhiteElo "1701"]
[BlackElo "2237"]
[Opening "Queen's pawn game"]
[ECO "A46"]
[NIC "QP.06"]
[Time "14:39:48"]
[TimeControl "180+0"]

1. d4 Nf6 2. Nf3 d6 3. g3 Nc6 4. Bg2 e5 5. d5 Ne7 6. c4 Ng6 7. Nc3 Be7 8. h4
h5 9. Bg5 Bg4 10. Qd2 a6 11. O-O O-O 12. b4 Qd7 13. Kh2 Bf5 14. Bxf6 Bxf6
15. a4 a5 16. b5 e4 17. Nd4 Bxd4 18. Qxd4 Rae8 19. Nxe4 Qe7 20. Nc3 Ne5 21.
f3 Bd7 22. e4 Ng6 23. Rae1 b6 24. Qf2 Qf6 25. Ne2 Ne5 26. Rc1 Nd3 27. Qe3
Nxc1 28. Rxc1 Qb2 29. Rf1 f5 30. Rf2 fxe4 31. fxe4 Rxf2 32. Qxf2 Bg4 33. Bf3
Rf8 34. Qe3 Rxf3 {White resigns} 0-1

[Event "ICCopen2017"]
[Site "Internet Chess Club"]
[Date "2017.03.25"]
[Round "4"]
[White "ErnestoRondon"]
[Black "Baltimora"]
[Result "1/2-1/2"]
[ICCResult "Game drawn by repetition"]
[WhiteElo "1842"]
[BlackElo "2249"]
[Opening "Old Benoni defense"]
[ECO "A43"]
[NIC "OI.09"]
[Time "14:38:55"]
[TimeControl "180+0"]

1. d4 c5 2. c3 f6 3. Nf3 d5 4. e3 Nc6 5. Bd3 Bg4 6. Be2 e5 7. dxe5 fxe5 8.
O-O Nf6 9. h3 Bf5 10. Nbd2 Bd6 11. c4 d4 12. exd4 exd4 13. Re1 O-O 14. Nf1
Re8 15. Bg5 Bc7 16. Bd3 Qd7 17. Bxf6 gxf6 18. Qd2 Kg7 19. Nh4 Bg6 20. Ng3
Bxg3 21. fxg3 Ne5 22. Bxg6 hxg6 23. b3 g5 24. Nf3 Nxf3+ 25. gxf3 Qxh3 26.
Qg2 Qxg2+ 27. Kxg2 f5 28. Kf2 Kf6 29. Rh1 Rh8 30. Rae1 Rxh1 31. Rxh1 Re8 32.
Rh7 Re7 33. Rh6+ Kg7 34. Rh5 Kg6 35. Rh8 Kg7 36. Rh5 Kf6 37. f4 gxf4 38.
gxf4 Re4 39. Kf3 d3 40. Rh6+ Ke7 41. Rh7+ Ke8 42. Rh8+ Kd7 43. Rh7+ Kc6 44.
Rh6+ Kc7 45. Rh7+ Kc6 46. Rh6+ Kc7 47. Rh7+ Kb6 48. Rd7 Rd4 49. Rxd4 cxd4
50. Kf2 Kc5 51. Ke1 b5 52. cxb5 Kxb5 53. a3 a5 54. Kd2 Kc5 55. Kxd3 Kd5 56.
b4 a4 57. Kc2 Kc4 58. Kd2 d3 59. b5 Kxb5 60. Kxd3 Kc5 61. Kc3 Kd5 62. Kd3
Kc5 63. Kc3 Kd5 64. Kd3 Kc5 65. Kc3 Kd5 66. Kd3 Kc5 67. Kc3 Kd5 68. Kd3 Kc5
69. Kc3 Kd5 {Game drawn by repetition} 1/2-1/2

[Event "ICCopen2017"]
[Site "Internet Chess Club"]
[Date "2017.03.25"]
[Round "4"]
[White "vicmel"]
[Black "ol4ik"]
[Result "0-1"]
[ICCResult "White forfeits on time"]
[WhiteElo "1844"]
[BlackElo "2160"]
[Opening "Sicilian: Labourdonnais-Löwenthal (Kalashnikov) variation"]
[ECO "B32"]
[NIC "SI.32"]
[Time "14:38:42"]
[TimeControl "180+0"]

1. e4 c5 2. Nf3 Nc6 3. d4 cxd4 4. Nxd4 e5 5. Nb5 d6 6. N1c3 a6 7. Na3 b5 8.
Nd5 Nge7 9. c4 Nd4 10. Bd3 Nxd5 11. cxd5 g6 12. O-O Bg7 13. Nc2 O-O 14. Nxd4
exd4 15. Bd2 f5 16. f3 Bd7 17. Bb4 Qe7 18. Qd2 f4 19. Rfe1 g5 20. h3 h5 21.
Re2 g4 22. fxg4 hxg4 23. hxg4 f3 24. gxf3 Rxf3 25. Rg2 Qh4 26. Rf1 Rh3 27.
Rh2 Qg3+ 28. Rg2 Qxd3 29. Qxd3 Rxd3 30. Rgf2 Be5 31. Rf7 Rg3+ 32. Kh2 Rf3+
33. Kg2 Rxf7 34. Rxf7 Kxf7 35. Bd2 Bxg4 {White forfeits on time} 0-1

[Event "ICCopen2017"]
[Site "Internet Chess Club"]
[Date "2017.03.25"]
[Round "4"]
[White "eriktiger"]
[Black "minke"]
[Result "0-1"]
[ICCResult "White checkmated"]
[WhiteElo "1304"]
[BlackElo "1747"]
[Opening "Pirc: Austrian attack, dragon formation"]
[ECO "B09"]
[NIC "PU.05"]
[Time "14:39:59"]
[TimeControl "180+0"]

1. e4 d6 2. d4 Nf6 3. Nc3 g6 4. f4 Bg7 5. Nf3 c5 6. dxc5 Qa5 7. Bd2 Qxc5 8.
Bd3 Bg4 9. Qe2 Nfd7 10. Be3 Bxc3+ 11. bxc3 Qxc3+ 12. Kf2 Nc6 13. h3 Nd4 14.
Bxd4 Qxd4+ 15. Kg3 Bxf3 16. Qxf3 O-O 17. h4 h5 18. f5 Ne5 19. Qe2 Kg7 20.
Rad1 Qc5 21. fxg6 fxg6 22. Rhf1 Ng4 23. Rxf8 Rxf8 24. Rf1 Qe5+ 25. Kh3 Qh2#
{White checkmated}
0-1

[Event "ICCopen2017"]
[Site "Internet Chess Club"]
[Date "2017.03.25"]
[Round "4"]
[White "stin"]
[Black "kabindra"]
[Result "1-0"]
[ICCResult "Black resigns"]
[WhiteElo "1911"]
[BlackElo "1539"]
[Opening "QP counter-gambit (elephant gambit)"]
[ECO "C40"]
[NIC "KP.10"]
[Time "14:38:52"]
[TimeControl "180+0"]

1. e4 e5 2. Nf3 d5 3. Nxe5 dxe4 4. d4 Bd6 5. Nc4 Nf6 6. Nxd6+ cxd6 7. Be3 d5
8. c4 Be6 9. c5 h6 10. Bb5+ Nc6 11. Nc3 O-O 12. h3 a6 13. Ba4 Na5 14. O-O
Nc4 15. Rb1 Nxe3 16. fxe3 Qc8 17. Ne2 Nh5 18. Qe1 Bxh3 19. gxh3 Qxh3 20. Qf2
Qg4+ 21. Qg2 Qh4 22. Rf2 f5 23. Rbf1 Rf6 24. Qh2 Rg6+ 25. Rg2 Rxg2+ 26. Qxg2
Rf8 27. Nf4 Ng3 28. Rf2 Rc8 29. Qh3 Qxh3 30. Nxh3 g5 31. Bd1 Rf8 32. Kg2 f4
33. exf4 Nf5 34. fxg5 Ne3+ 35. Kg1 Nxd1 36. Rxf8+ Kxf8 37. gxh6 Ne3 38. Ng5
Nc2 39. Ne6+ Kf7 40. h7 {Black resigns} 1-0

[Event "ICCopen2017"]
[Site "Internet Chess Club"]
[Date "2017.03.25"]
[Round "4"]
[White "veteranrus"]
[Black "AdamsX"]
[Result "1-0"]
[ICCResult "Black checkmated"]
[WhiteElo "1875"]
[BlackElo "1946"]
[Opening "two knights defense: Bogolyubov variation"]
[ECO "C58"]
[NIC "KP.01"]
[Time "14:40:09"]
[TimeControl "180+0"]

1. e4 e5 2. Nf3 Nc6 3. Bc4 Nf6 4. Ng5 d5 5. exd5 Na5 6. Bb5+ c6 7. dxc6 bxc6
8. Qf3 Be7 9. Bd3 O-O 10. Nc3 h6 11. h4 Bb7 12. Nge4 Nd5 13. Ng3 c5 14. Nf5
Nxc3 15. Qg4 Bf6 16. dxc3 c4 17. Bxh6 cxd3 18. Bxg7 d2+ 19. Kd1 Bg5 20. hxg5
Bxg2 21. Rh8# {Black checkmated} 1-0

[Event "ICCopen2017"]
[Site "Internet Chess Club"]
[Date "2017.03.25"]
[Round "4"]
[White "cap78red"]
[Black "Svinotigr"]
[Result "0-1"]
[ICCResult "White checkmated"]
[WhiteElo "1326"]
[BlackElo "1724"]
[Opening "English opening"]
[ECO "A10"]
[NIC "EO.64"]
[Time "14:39:57"]
[TimeControl "180+0"]

1. c4 d6 2. Nc3 Nd7 3. e4 e5 4. d4 g6 5. Nf3 Bg7 6. dxe5 dxe5 7. Be2 Ngf6 8.
Qc2 O-O 9. O-O Re8 10. Bg5 c6 11. Rfd1 Qe7 12. b4 Qxb4 13. Rab1 Qe7 14. Qd2
Nc5 15. Qd6 Qxd6 16. Rxd6 Nfxe4 17. Nxe4 Nxe4 18. Rd8 Rxd8 19. Bxd8 Nc3 20.
Rb3 Nxe2+ 21. Kf1 Nd4 22. Nxd4 exd4 23. Rd3 Bf5 24. Rxd4 Bxd4 25. g4 Bxg4
26. f3 Bh3+ 27. Ke1 Rxd8 28. f4 Bg4 29. f5 Be3 30. h3 Rd1# {White
checkmated} 0-1

[Event "ICCopen2017"]
[Site "Internet Chess Club"]
[Date "2017.03.25"]
[Round "4"]
[White "nadalthegreat"]
[Black "vishweshk"]
[Result "1-0"]
[ICCResult "Black checkmated"]
[WhiteElo "2006"]
[BlackElo "1652"]
[Opening "QGD: exchange variation"]
[ECO "D35"]
[NIC "QO.16"]
[Time "14:40:28"]
[TimeControl "180+0"]

1. d4 e6 2. c4 Nf6 3. Nc3 d5 4. cxd5 exd5 5. g3 c6 6. Bg2 Be7 7. Nf3 O-O 8.
O-O Bf5 9. Bf4 Nbd7 10. Ne5 Re8 11. f3 Bd6 12. e4 dxe4 13. fxe4 Bg6 14. Nxd7
Qxd7 15. Bxd6 Qxd6 16. e5 Qd7 17. exf6 gxf6 18. Rxf6 Rad8 19. Rf4 b5 20. Qg4
Qxg4 21. Rxg4 Rd6 22. d5 cxd5 23. Nxb5 Rb6 24. Nc7 Rc8 25. Nxd5 Rxb2 26.
Ne7+ Kg7 27. Nxc8 h5 28. Rd4 a5 29. Be4 a4 30. Bxg6 fxg6 31. Rxa4 Kh6 32. a3
Kg5 33. Rb4 Rc2 34. a4 Rxc8 35. a5 h4 36. gxh4+ Kh5 37. a6 g5 38. a7 gxh4
39. a8=Q Rc5 40. Ra5 h3 41. Rxc5+ Kg6 42. Qc6+ Kf7 43. Rb7+ Kf8 44. Qc8#
{Black checkmated}
1-0

[Event "ICCopen2017"]
[Site "Internet Chess Club"]
[Date "2017.03.25"]
[Round "4"]
[White "kolding"]
[Black "ShadowStorm"]
[Result "1-0"]
[ICCResult "Black resigns"]
[WhiteElo "1629"]
[BlackElo "1371"]
[Opening "French: Rubinstein variation"]
[ECO "C10"]
[NIC "FR.07"]
[Time "14:39:50"]
[TimeControl "180+0"]

1. e4 e6 2. d4 d5 3. Nc3 dxe4 4. Nxe4 Nf6 5. Bg5 Be7 6. Bd3 O-O 7. Nf3 Nbd7
8. O-O c5 9. dxc5 Nxc5 10. Nxc5 Bxc5 11. Qe2 Be7 12. Rad1 Qc7 13. Ne5 b6 14.
Bxf6 Bxf6 15. Qe4 g6 16. Nxg6 hxg6 17. Qxa8 Be5 18. Qf3 Bb7 19. Qh3 Kg7 20.
Rfe1 Bd6 21. Be4 Rh8 22. Qc3+ Qxc3 23. bxc3 Bxe4 24. Rxe4 Bxh2+ 25. Kf1 Bc7
26. Rd7 Bb8 27. Rxe6 Rh1+ 28. Ke2 Bf4 29. Ree7 Bg5 30. Rxf7+ Kh8 31. Rxa7
Kg8 32. Rfd7 Bh6 33. Ra8+ Bf8 34. Rdd8 Kg7 35. Rxf8 {Black resigns} 1-0

[Event "ICCopen2017"]
[Site "Internet Chess Club"]
[Date "2017.03.25"]
[Round "4"]
[White "TerryR"]
[Black "Lightlike"]
[Result "1-0"]
[ICCResult "Black checkmated"]
[WhiteElo "2171"]
[BlackElo "2611"]
[Opening "QGD: classical variation (5.Bf4)"]
[ECO "D37"]
[NIC "QO.03"]
[Time "14:39:13"]
[TimeControl "180+0"]

1. d4 e6 2. Nf3 d5 3. c4 Nf6 4. Nc3 Be7 5. Bf4 O-O 6. e3 c5 7. dxc5 Bxc5 8.
a3 Nc6 9. Rc1 d4 10. Na4 Bd6 11. Bxd6 Qxd6 12. Nxd4 Nxd4 13. Qxd4 Qe7 14.
Qc5 Qe8 15. Nc3 Bd7 16. Be2 Bc6 17. O-O b6 18. Qe5 Nd7 19. Qg3 Rc8 20. Rfd1
Nc5 21. b4 Ne4 22. Nxe4 Bxe4 23. Qe5 Bg6 24. h4 h6 25. h5 Bf5 26. Rd4 Qa4
27. Rc3 a5 28. c5 axb4 29. Rxb4 Qc6 30. Bf3 Qd7 31. cxb6 Rb8 32. b7 f6 33.
Qc7 Qd2 34. Qxb8 Qe1+ 35. Kh2 Rxb8 36. Rc8+ Kh7 37. Rxb8 Qxf2 38. Rd8 Qh4+
39. Rxh4 g5 40. Rd7+ Kg8 41. b8=Q# {Black checkmated} 1-0

[Event "ICCopen2017"]
[Site "Internet Chess Club"]
[Date "2017.03.25"]
[Round "4"]
[White "flashlight"]
[Black "skakmat"]
[Result "1-0"]
[ICCResult "Black checkmated"]
[WhiteElo "2056"]
[BlackElo "1679"]
[Opening "Queen's pawn"]
[ECO "A40"]
[NIC "QO.17"]
[Time "14:39:36"]
[TimeControl "180+0"]

1. d4 e6 2. Nf3 d5 3. Bf4 c6 4. e3 Nf6 5. Nbd2 Nbd7 6. Bd3 Be7 7. Bg3 O-O 8.
Ne5 Nxe5 9. dxe5 Nd7 10. c3 f5 11. exf6 Nxf6 12. Qe2 Bd6 13. e4 dxe4 14.
Nxe4 Nxe4 15. Qxe4 g6 16. O-O-O Bxg3 17. hxg3 Qf6 18. f4 b6 19. Qxc6 Rb8 20.
Bc4 Rb7 21. Rhe1 Re7 22. Re5 Rfe8 23. Rde1 Kg7 24. Qf3 Bb7 25. Qe3 Bc8 26.
g4 Rf8 27. g3 h6 28. g5 hxg5 29. Rxg5 Rfe8 30. Bd3 e5 31. Rxg6+ Qxg6 32.
Bxg6 Kxg6 33. fxe5 Rxe5 34. Qxe5 Rxe5 35. Rxe5 Kf6 36. Re3 b5 37. b4 Kf5 38.
a4 bxa4 39. Kb2 Be6 40. Ka3 Bb3 41. Re7 a6 42. Ra7 Bc4 43. Kxa4 Kg4 44. Ka5
Kxg3 45. Rxa6 Kf4 46. b5 Ke5 47. b6 Kd6 48. Ra7 Bd5 49. Rc7 Be4 50. c4 Bd3
51. c5+ Ke6 52. b7 Be4 53. b8=Q Bb7 54. Qxb7 Ke5 55. Re7+ Kd4 56. Qe4+ Kxc5
57. Rc7+ Kd6 58. Qe7+ Kd5 59. Rc5+ Kd4 60. Qe5+ Kd3 61. Rc3+ Kd2 62. Qe3+
Kd1 63. Rc1# {Black checkmated} 1-0

[Event "ICCopen2017"]
[Site "Internet Chess Club"]
[Date "2017.03.25"]
[Round "4"]
[White "FGM21"]
[Black "Indiana-Jones"]
[Result "0-1"]
[ICCResult "White forfeits on time"]
[WhiteElo "1927"]
[BlackElo "2747"]
[Opening "Sicilian: Najdorf"]
[ECO "B90"]
[NIC "SI.14"]
[Time "14:39:05"]
[TimeControl "180+0"]

1. e4 c5 2. Nf3 d6 3. d4 cxd4 4. Nxd4 Nf6 5. Nc3 a6 6. f3 e6 7. Be3 b5 8.
Qd2 Bb7 9. g4 Nfd7 10. Nce2 Nb6 11. Ng3 N8d7 12. O-O-O Rc8 13. Kb1 d5 14. f4
dxe4 15. Nxb5 axb5 16. Bxb6 Nxb6 17. Bxb5+ Ke7 18. Qb4+ Kf6 19. Nxe4+ Bxe4
20. Qxe4 Qc7 21. c4 Bc5 22. a4 Rhd8 23. Qxh7 Rxd1+ 24. Rxd1 Qxf4 25. a5 Nxc4
26. Qc2 Ne3 27. Qd2 Bb4 {White forfeits on time} 0-1

[Event "ICCopen2017"]
[Site "Internet Chess Club"]
[Date "2017.03.25"]
[Round "4"]
[White "blunder23"]
[Black "muhit"]
[Result "0-1"]
[ICCResult "White checkmated"]
[WhiteElo "1438"]
[BlackElo "1811"]
[Opening "Sicilian"]
[ECO "B50"]
[NIC "SI.01"]
[Time "14:38:41"]
[TimeControl "180+0"]

1. e4 c5 2. Nf3 d6 3. Bc4 Nf6 4. d3 e6 5. Bg5 Nc6 6. O-O Be7 7. c3 O-O 8.
Na3 d5 9. exd5 exd5 10. Bb3 Bg4 11. h3 Bh5 12. g4 Bg6 13. Nh4 a6 14. Nxg6
hxg6 15. f4 Qd6 16. Nc2 Rfe8 17. Qd2 Bf8 18. Rae1 b5 19. c4 bxc4 20. dxc4 d4
21. Ba4 Rxe1 22. Rxe1 Rb8 23. b3 Nb4 24. Nxb4 Rxb4 25. Bxf6 gxf6 26. Qg2 Rb8
27. f5 Bh6 28. Re8+ Rxe8 29. Bxe8 Qe7 30. Qa8 Qe1+ 31. Kg2 Qe2+ 32. Kg3 Qe1+
33. Kg2 Be3 34. Bc6+ Kg7 35. fxg6 Qe2+ 36. Kg3 Qf2# {White checkmated} 0-1